 Dungeon Crawl Stone Soup version 0.18.1-8-gdd0e5ea (webtiles) character file.

1549 manyhoops the Covered (level 9, -1/69 HPs)
             Began as a Human Chaos Knight on May 25, 2016.
             Slain by a killer bee (5 damage)
             ... on level 7 of the Dungeon.
             The game lasted 00:12:58 (5242 turns).

manyhoops the Covered (Human Chaos Knight)          Turns: 5242, Time: 00:12:58

Health: -1/69      AC: 16    Str: 15    XL:     9   Next: 12%
Magic:  9/9        EV:  7    Int: 12    God:    Xom [......]
Gold:   132        SH:  0    Dex: 10    Spells: 0 memorised, 8 levels left

rFire  . . .     SeeInvis .     a - +0 hand axe (chaos)
rCold  . . .     Gourm    .     A - +0 chain mail
rNeg   . . .     Faith    .     (no shield)
rPois  +         Spirit   .     y - +0 helmet
rElec  .         Dismiss  .     (no cloak)
rCorr  .         Reflect  .     i - +2 pair of gloves
SustAt .         Harm     .     x - +0 pair of boots
MR     +....                    r - amulet of magic regeneration
Stlth  ..........               q - ring of poison resistance
                                H - ring of protection from magic

@: somewhat resistant to hostile enchantments, extremely unstealthy
A: clumsy 2, deterioration 2
a: Renounce Religion


You were on level 7 of the Dungeon.
You worshipped Xom.
You were a very special plaything of Xom.
You were hungry.

You visited 1 branch of the dungeon, and saw 7 of its levels.

You collected 222 gold pieces.
You spent 90 gold pieces at shops.

Inventory:

Hand Weapons
 a - a +0 hand axe of chaos (weapon)
Armour
 i - a +2 pair of gloves (worn)
 x - a +0 pair of boots (worn)
 y - a +0 helmet (worn)
 A - a +0 chain mail (worn)
Jewellery
 h - a +1 ring of evasion
 q - a ring of poison resistance (right hand)
 r - an amulet of magic regeneration (around neck)
 H - a ring of protection from magic (left hand)
 I - an uncursed amulet of the gourmand {unknown}
Scrolls
 b - a scroll of enchant weapon {unknown}
 f - a scroll of fog
 k - a scroll of enchant armour
 l - 2 scrolls of immolation {unknown}
 n - 2 scrolls of amnesia
 o - a scroll of remove curse
 s - a scroll of noise {unknown}
 t - 2 scrolls of magic mapping {unknown}
 w - 2 scrolls of recharging {unknown}
 E - a scroll of blinking
Potions
 d - 2 potions of resistance
 e - 4 potions of lignification
 g - a potion of agility {unknown}
 j - 2 potions of curing {unknown}
 p - 3 potions of heal wounds
 u - 2 potions of brilliance {unknown}
 v - 2 potions of flight
 z - a potion of cure mutation
Comestibles
 c - 4 bread rations
 m - a meat ration
 B - 3 fruits
 C - a beef jerky
 D - 2 slices of pizza


   Skills:
 + Level 6.0 Fighting
 + Level 6.6 Axes
 + Level 7.3 Armour
 - Level 2.0 Dodging
 - Level 0.7 Stealth


You had 8 spell levels left.
You didn't know any spells.

Dungeon Overview and Level Annotations

Branches:
Dungeon (7/15)             Temple (0/1) D:6

Altars:
Cheibriados
Dithmenos
Elyvilon
Fedhas
Nemelex Xobeh
Okawaru
Pakellas
Qazlal
Xom
Yredelemnul
The Shining One

Shops:
D:6 *


Innate Abilities, Weirdness & Mutations

You are very clumsy. (Dex -4)
Your body often deteriorates upon taking damage.


Message History

A ball lightning comes into view.
You hear the steady creaking of a very distant portcullis.
The ball lightning explodes!
The blast of lightning engulfs you!
* * * LOW HITPOINT WARNING * * *
You are now a very special plaything of Xom.
You hit the phantom.
The phantom is lightly damaged.
The phantom blinks!
The killer bee completely misses you. The killer bee closely misses you.
The phantom blinks!
The killer bee barely misses you. The killer bee closely misses you.
You slash the killer bee!
The killer bee seems to slow down.
The killer bee is heavily wounded.
The killer bee closely misses you.
You miss the killer bee.
The killer bee is heavily wounded.
The killer bee barely misses you. The killer bee stings you.
You die... "Boring in life, boring in death..."

#....)...........#.#
#.################.###
#.# #...........>##
#.# #.####††......
##.## #.####.#†....###
##)..##
#..............#
###.....#
#.####.#.....#.#
.........# #.#
#.#.###.# #
####....§#####@# #...#
#.#.# ............y.#
###.###.#.#
###.###.#####.#
#....W#.# #. #.# #†#
#.###.#.# #. #.# #.#
#.# #.#.# #.#
#.######.###.#.# #.#
#............#.# #.#
######.........# #.
#.#.####..#


You could see a killer bee.

Vanquished Creatures
  Grinder (D:6)
  An ice beast (D:6)
  An orc warrior (D:6)
  A phantom (D:7)
  3 ogres
  3 giant frogs (D:7)
  A scorpion (D:4)
  A crimson imp (D:5)
  A giant frog zombie (D:5)
  A jelly (D:7)
  4 orc wizards
  An orc priest (D:5)
  Jessica (D:3)
  4 worker ants
  A worker ant zombie (D:5)
  5 adders
  An ooze (D:2)
  An adder zombie (D:5)
  An adder skeleton (D:4)
  6 worms
  3 dart slugs
  8 giant geckos
  20 orcs
  3 giant cockroaches
  8 goblins
  5 hobgoblins
  4 jackals (D:5)
  3 kobolds (D:1)
  6 quokkas
  3 ball pythons
  3 bats
  A giant gecko skeleton (D:4)
  4 giant newts
  A jackal skeleton (D:4)
  4 rats
115 creatures vanquished.

Vanquished Creatures (others)
  3 killer bees (D:7)
  A ball lightning (D:7)
4 creatures vanquished.

Grand Total: 119 creatures vanquished

Notes
Turn   | Place    | Note
--------------------------------------------------------------
     0 | D:1      | manyhoops the Human Chaos Knight began the quest for the Orb.
     0 | D:1      | Reached XP level 1. HP: 18/18 MP: 1/1
    62 | D:1      | Reached XP level 2. HP: 23/24 MP: 2/2
    92 | D:1      | XOM: divination: magic mapping
   113 | D:1      | XOM: blink monster(s)
   171 | D:1      | Found a glowing golden altar of the Shining One.
   440 | D:1      | Reached XP level 3. HP: 28/29 MP: 3/3
   917 | D:2      | Reached XP level 4. HP: 18/37 MP: 4/4
  1098 | D:2      | Found a snail-covered altar of Cheibriados.
  1124 | D:2      | XOM: harmless Necr miscast
  1159 | D:2      | XOM: butterfly on damage
  1162 | D:2      | XOM: give mutations
  1162 | D:2      | Gained mutation: You tend to lose your temper in combat. [Xom's mischief]
  1162 | D:2      | Gained mutation: Your body sometimes deteriorates upon taking damage. [Xom's mischief]
  1162 | D:2      | Gained mutation: Your body often deteriorates upon taking damage. [Xom's mischief]
  1162 | D:2      | Lost mutation: You tend to lose your temper in combat. [Xom's mischief]
  1413 | D:2      | Found a sparkling altar of Nemelex Xobeh.
  1413 | D:2      | Found a glowing golden altar of the Shining One.
  1414 | D:2      | Found a blossoming altar of Fedhas.
  1430 | D:2      | Found an oddly glowing altar of Pakellas.
  1524 | D:2      | XOM: vitrification
  1862 | D:3      | Found a basalt altar of Yredelemnul.
  1958 | D:3      | Noticed Jessica
  1958 | D:3      | XOM: scenery: 1 doors close
  1963 | D:3      | Killed Jessica
  1963 | D:3      | Reached skill level 3 in Armour
  1963 | D:3      | Reached XP level 5. HP: 42/42 MP: 5/5
  2135 | D:3      | Found a white marble altar of Elyvilon.
  2389 | D:3      | Found a shadowy altar of Dithmenos.
  2665 | D:4      | Reached XP level 6. HP: 35/48 MP: 6/6
  2748 | D:4      | Found an iron altar of Okawaru.
  3171 | D:4      | XOM: give mutation
  3171 | D:4      | Gained mutation: You possess an exceptional clarity of mind. [Xom's grace]
  3306 | D:5      | Entered Level 5 of the Dungeon
  3314 | D:5      | Found an oddly glowing altar of Pakellas.
  3541 | D:5      | Reached skill level 4 in Armour
  3550 | D:5      | XOM: confuse monster(s)
  3573 | D:5      | XOM: confuse monster(s)
  3622 | D:5      | XOM: confuse monster(s)
  3658 | D:5      | Reached XP level 7. HP: 48/55 MP: 7/7
  3836 | D:5      | You fall through a shaft!
  3871 | D:6      | XOM: scenery: create altars
  3874 | D:6      | XOM: summons 2 friendly demons
  3894 | D:6      | Reached skill level 5 in Axes
  3894 | D:6      | Reached skill level 5 in Armour
  3940 | D:6      | Found a staircase to the Ecumenical Temple.
  3994 | D:6      | Found Heffic's General Store.
  3998 | D:6      | XOM: enchant monster (bad)
  4002 | D:6      | XOM: swap monsters
  4030 | D:6      | Bought a scroll of blinking for 90 gold pieces
  4089 | D:6      | XOM: divination: detect creatures
  4091 | D:6      | XOM: mild Air miscast
  4249 | D:6      | XOM: 1-stop teleportation journey
  4287 | D:6      | XOM: give mutations
  4287 | D:6      | Lost mutation: You possess an exceptional clarity of mind. [Xom's mischief]
  4287 | D:6      | Gained mutation: You are clumsy. (Dex -2) [Xom's mischief]
  4287 | D:6      | Gained mutation: You are very clumsy. (Dex -4) [Xom's mischief]
  4334 | D:6      | XOM: 1-stop teleportation journey
  4452 | D:6      | Reached skill level 5 in Fighting
  4452 | D:6      | Reached XP level 8. HP: 46/62 MP: 8/8
  4462 | D:6      | Noticed Grinder
  4468 | D:6      | Reached skill level 6 in Armour
  4489 | D:6      | Paralysed by Grinder for 5 turns
  4491 | D:6      | XOM: swap monsters
  4499 | D:6      | Killed Grinder
  4538 | D:6      | Found a stormy altar of Qazlal.
  4806 | D:5      | XOM: chaos upgrade
  4883 | D:5      | XOM: swap monsters
  4939 | D:7      | Reached skill level 7 in Armour
  5120 | D:7      | Reached XP level 9. HP: 39/69 MP: 9/9
  5142 | D:7      | XOM: fog
  5216 | D:7      | XOM: swap monsters
  5217 | D:7      | XOM: swap monsters
  5222 | D:7      | XOM: divine lightning (protected)
  5234 | D:7      | XOM: severe Air miscast
  5235 | D:7      | HP: 2/69 [ball lightning[the severe capriciousness of Xom] (8)]
  5242 | D:7      | Slain by a killer bee

Skill      XL: |  1  2  3  4  5  6  7  8  9 |
---------------+----------------------------+-----
Armour         | 3 4 5 7 |  7.3
Fighting       | 4 5 6 |  6.0
Axes           | 4 5 6 |  6.6
Dodging        | 2 |  2.0
Stealth        | |  0.7

Action                   |  1- 3 |  4- 6 |  7- 9 || total
-------------------------+-------+-------+-------++-------
Melee: Hand axe          |    79 |   247 |   241 ||   567
  Use: Scroll            |       |     9 |     2 ||    11
 Stab: Petrifying        |       |     1 |       ||     1
       Paralysed         |       |     6 |     2 ||     8
       Confused          |       |     5 |     1 ||     6
  Eat: Chunk             |       |     5 |     1 ||     6
       Meat ration       |       |     1 |       ||     1
       Pizza             |       |     1 |       ||     1
       Beef jerky        |       |       |     1 ||     1
Armor: Leather armour    |     7 |       |       ||     7
       Scale mail        |    17 |   113 |       ||   130
       Chain mail        |       |    20 |   117 ||   137
Dodge: Dodged            |    34 |   139 |    71 ||   244
